 Dungeon Crawl Stone Soup version 0.29.0-4-gdea44cf6ec (webtiles) character file.

Game seed: 1699885641593346895

110 qw the Sneak (level 4, -8/37 HPs)
             Began as a Ghoul Enchanter on Sept 8, 2022.
             Mangled by a gnoll
             ... wielding a +0 halberd
              (11 damage)
             ... on level 4 of the Dungeon.
             The game lasted 00:01:22 (3118 turns).

qw the Sneak (Ghoul Enchanter)                      Turns: 3118, Time: 00:01:23

Health: -8/37      AC: 10    Str: 13    XL:     4   Next: 91%
Magic:  5/5        EV:  3    Int: 10    God:
Gold:   175        SH:  0    Dex:  9    Spells: 6/6 levels left

rFire   . . .      SeeInvis .   Y - +0 hand axe
rCold   + . .      Faith    .   (no shield)
rNeg    + + +      Spirit   .   l - +0 plate armour
rPois   inf        Reflect  .   (no helmet)
rElec   .          Harm     .   (no cloak)
rCorr   +          Rampage  .   (no gloves)
Will    .....                   (no boots)
Stlth   ..........              (no amulet)
HPRegen 0.00/turn               k - ring of resist corrosion
MPRegen 0.09/turn               (no ring)

@: inhibited regen
A: claws 1, cold resistance 1, negative energy resistance 3, inhibited
regeneration, torment resistance 2, devour on kill
a: no special abilities


You were on level 4 of the Dungeon.
You visited 1 branch of the dungeon, and saw 4 of its levels.

You collected 175 gold pieces.


Innate Abilities, Weirdness & Mutations

You are immune to poison.
You have sharp fingernails.
Your flesh is cold resistant. (rC+)
You are immune to negative energy. (rN+++)
You do not regenerate when monsters are visible.
You are immune to unholy pain and torment.
You thrive by killing the living.


   Skills:
 - Level 2.3 Fighting
 - Level 0.8 Short Blades
 - Level 3.2 Axes
 + Level 0.0 Armour
 - Level 1.7 Dodging
 - Level 3.2 Stealth
 - Level 1.7 Spellcasting
 - Level 2.4 Hexes


You had 6 spell levels left.
You didn't know any spells.
Your spell library contained the following spells:

 Spells                   Type           Power      Damage    Failure   Level
 Ensorcelled Hibernation  Hex/Ice        6%         N/A       100%        2
 Confusing Touch          Hex            5%         N/A       100%        3
 Dazzling Flash           Conj/Hex       6%         N/A       100%        3
 Tukima's Dance           Hex            5%         N/A       100%        3

Inventory:

Hand Weapons
 n - a +0 club
 Y - a +0 hand axe (weapon)
Armour
 l - a +0 plate armour (worn)
Jewellery
 k - a ring of resist corrosion (left claw)
Potions
 a - a potion of degeneration {unknown}
 c - a potion of heal wounds {unknown}
 f - a potion of lignification {unknown}
 g - a potion of curing
 h - a potion of cancellation {unknown}

Dungeon Overview and Level Annotations

Branches:
Dungeon (4/15)
 Temple: D:4-7

Altars:
Dithmenos
Uskayaw

Annotations:
D:3 1 runed translucent door, qw's ghost, amateur BaCK


Message History

2 gnolls come into view.
The gnoll shouts!
You hear a shout!
A gnoll comes into view. It is wielding a +0 spear.
A gnoll comes into view. It is wielding a +0 halberd.
The gnoll shouts! x2
A kobold comes into view.
It is wielding a +0 short sword and quivering poisoned darts.
The kobold shouts!
The gnoll hits you but does no damage. The gnoll barely misses you.
You hit the gnoll but do no damage.
The gnoll hits you from afar with a +0 spear.
The gnoll barely misses you.
The gnoll hits you but does no damage. x2
The kobold throws a poisoned dart.
The poisoned dart hits you.
You hit the gnoll.
The gnoll is moderately wounded.
The gnoll completely misses you. The gnoll hits you but does no damage.
The gnoll hits you from afar with a +0 spear.
The gnoll hits you but does no damage.
You closely miss the gnoll.
The gnoll is moderately wounded.
The gnoll barely misses you. x2; The gnoll completely misses you.
The gnoll hits you but does no damage.
You barely miss the gnoll.
The gnoll is moderately wounded.
The gnoll hits you from afar with a +0 spear!
The gnoll hits you but does no damage.
The gnoll hits you from afar with a +0 spear.
The gnoll hits you from afar with a +0 halberd.
You hit the gnoll but do no damage.
The gnoll is moderately wounded.
The gnoll hits you from afar with a +0 spear.
The gnoll hits you from afar with a +0 halberd.
The gnoll hits you but does no damage.
The gnoll hits you from afar with a +0 spear.
You hit the gnoll.
The gnoll is heavily wounded.
You hit the kobold.
The gnoll hits you from afar with a +0 spear.
The kobold hits you but does no damage.
The gnoll hits you from afar with a +0 halberd!
You die...

######.#
#...#.. #.....
#....# #....#
#####gg..#
#.....Kg.#
#@g..# ##...##
## #....# ..
.. #>.### #. .
##..# ####.#.
###..##
......##....#
...##..##.#
###.##.###.###


You could see 4 gnolls and a kobold.

Vanquished Creatures
  Jessica (D:3)
  4 adders
  A dart slug (D:3)
  An orc (D:3)
  5 endoplasms
  7 giant cockroaches
  4 goblins
  3 hobgoblins
  A quokka (D:1)
  5 ball pythons
  2 bats
  3 frilled lizards
  3 kobolds
  7 rats
47 creatures vanquished.

Notes
Turn   | Place    | Note
-------+----------+-------------------------------------------
     0 | D:1      | qw the Ghoul Enchanter began the quest for the Orb.
     0 | D:1      | Reached XP level 1. HP: 14/14 MP: 2/2
     0 | D:1      | 0 ||| qw: Version: 0.1-a-111-g1c1fd2e
     0 | D:1      | 0 ||| qw: Game counter: 6586
     0 | D:1      | 0 ||| qw: Always use a shield: true
     0 | D:1      | 0 ||| qw: God list: Okawaru
     0 | D:1      | 0 ||| qw: Allow faded altars: false
     0 | D:1      | 0 ||| qw: Do Orc after D:15 true
     0 | D:1      | 0 ||| qw: Do second Lair branch before Depths: true
     0 | D:1      | 0 ||| qw: Lair rune preference: random
     0 | D:1      | 0 ||| qw: Plans: Normal
     0 | D:1      | 0 ||| PLANNING D:1-11
   124 | D:1      | 124 ||| SWAPPING to +2 dagger of venom.
   125 | D:1      | 125 ||| DROPPING +1 dagger.
   149 | D:1      | Reached skill level 1 in Axes
   198 | D:1      | Reached XP level 2. HP: 22/22 MP: 3/3
   215 | D:1      | Reached skill level 1 in Fighting
   644 | D:1      | Found a faded altar of an unknown god.
   896 | D:1      | 896 ||| READING scroll labelled ZARECVO UDDUIB.
   897 | D:1      | 897 ||| READING scroll labelled KALU XESKYA.
   898 | D:1      | 898 ||| DROPPING 2 potions of invisibility.
   982 | D:2      | Reached XP level 3. HP: 28/28 MP: 4/4
   996 | D:2      | 996 ||| Stepping ~*~*~tactically~*~*~ (stealth).
  1107 | D:2      | 1107 ||| SWAPPING to +0 spear.
  1108 | D:2      | 1108 ||| DROPPING +2 dagger of venom.
  1245 | D:2      | HP: 7/29 [adder (2)]
  1908 | D:2      | 1908 ||| UPGRADING to +0 leather armour.
  1918 | D:2      | 1918 ||| DROPPING +0 robe.
  1919 | D:2      | 1919 ||| UPGRADING to +0 ring mail.
  1929 | D:2      | 1929 ||| DROPPING +0 leather armour.
  1930 | D:2      | 1930 ||| UPGRADING to ring of resist corrosion.
  1958 | D:3      | 1958 ||| STAIRDANCE
  1971 | D:2      | Reached XP level 4. HP: 33/37 MP: 5/5
  2046 | D:3      | Found a runed translucent door.
  2046 | D:3      | Noticed qw's ghost (amateur BaCK)
  2070 | D:3      | Noticed Jessica
  2071 | D:3      | 2071 ||| Stepping ~*~*~tactically~*~*~ (hiding).
  2173 | D:3      | 2173 ||| Stepping ~*~*~tactically~*~*~ (hiding).
  2175 | D:3      | 2175 ||| Stepping ~*~*~tactically~*~*~ (hiding).
  2176 | D:3      | 2176 ||| Stepping ~*~*~tactically~*~*~ (hiding).
  2177 | D:3      | 2177 ||| Stepping ~*~*~tactically~*~*~ (hiding).
  2178 | D:3      | 2178 ||| Stepping ~*~*~tactically~*~*~ (hiding).
  2189 | D:3      | Killed Jessica
  2190 | D:3      | Reached skill level 3 in Axes
  2406 | D:3      | Found a shadowy altar of Dithmenos.
  2572 | D:3      | Found a hide-covered altar of Uskayaw.
  2573 | D:3      | 2573 ||| SWAPPING to +0 trident.
  2574 | D:3      | 2574 ||| DROPPING +0 spear.
  2795 | D:3      | 2795 ||| SWAPPING to +0 hand axe.
  2796 | D:3      | 2796 ||| DROPPING +0 trident.
  2843 | D:3      | 2843 ||| Stepping ~*~*~tactically~*~*~ (hiding).
  2989 | D:3      | 2989 ||| UPGRADING to +0 plate armour.
  2999 | D:3      | 2999 ||| DROPPING +0 ring mail.
  3000 | D:3      | 3000 ||| READING scroll labelled YVIAPP BESU.
  3001 | D:3      | 3001 ||| READING scroll labelled RAPOFA PETOOPN.
  3002 | D:3      | 3002 ||| READING scroll labelled XAPHAIWEIRO.
  3041 | D:3      | 3041 ||| DRINKING 2 fizzy green potions.
  3042 | D:3      | 3042 ||| DRINKING 2 sapphire potions.
  3043 | D:3      | 3043 ||| DROPPING potion of attraction.
  3117 | D:4      | HP: 9/37 [gnoll/+0 halberd (5)]
  3118 | D:4      | HP: 3/37 [gnoll/+0 spear (4)]
  3118 | D:4      | Mangled by a gnoll

Levels and vault maps discovered:
D:1:      dpeg_arrival_rooms_a, layout_rooms,
          dreamdust_ecumenical_altar_hidden_monk_grotto
D:2:      layout_rooms, grunt_decor_arrowhead, st_stairs_4,
          minmay_worlds_worst_comb
D:3:      layout_loops_cross, mainiacjoe_overflow_alcove_1, old_standard_altar,
          hellmonk_ghost_happy_afterlife, minmay_misc_feat_doors, uniq_jessica
D:4:      layout_rooms, minmay_temple_entry_mini_moons, kennysheep_small_spiral,
          uniq_menkaure, uniq_natasha, uniq_ijyb, uniq_edmund

Skill      XL: |  1  2  3  4 |
---------------+-------------+-----
Axes           | 1 2 3 |  3.2
Fighting       | 1 2 |  2.3
Short Blades   | |  0.8
Dodging        | |  1.7
Stealth        | |  3.2
Spellcasting   | |  1.7
Hexes          | |  2.4

Action                   |  1- 3 |  4- 6 || total
-------------------------+-------+-------++-------
Melee: Dagger            |    64 |       ||    64
       Spear             |    86 |    26 ||   112
       Punch             |     1 |       ||     1
       Trident           |       |    20 ||    20
       Hand axe          |       |     9 ||     9
  Use: Scroll            |     2 |     3 ||     5
       Potion            |       |     2 ||     2
 Stab: Sleeping          |     1 |       ||     1
Armor: Robe              |    24 |       ||    24
       Ring mail         |     6 |    19 ||    25
       Plate armour      |       |     9 ||     9
Dodge: Dodged            |    81 |    24 ||   105

Table legend:
 A = Non-vault XP
 B = Vault XP
 C = Vault XP percentage of total XP
 D = Non-vault monster count
 E = Vault monster count
 F = Vault count percentage of total count
                 A         B        C        D         E       F
            +---------+---------+-------+---------+---------+-------
      Total |     100 |      58 |  36.7 |      41 |       6 |  12.8
            +---------+---------+-------+---------+---------+-------
        D:1 |      32 |       0 |   0.0 |      19 |       0 |   0.0
        D:2 |      38 |      21 |  35.6 |      12 |       5 |  29.4
        D:3 |      30 |      37 |  55.2 |      10 |       1 |   9.1
            +---------+---------+-------+---------+---------+-------
